 Dungeon Crawl Stone Soup version 0.26-a0-29-gb080af96c6 (webtiles) character file.

Game seed: 15770055089135639780, levelgen mode: deterministic

5209 vurker the Grappler (level 10, -3/98 HPs)
             Began as a Troll Hunter on May 28, 2020.
             Killed from afar by an electric eel (5 damage)
             ... with a bolt of electricity
             ... on level 8 of the Dungeon.
             The game lasted 00:17:25 (6511 turns).

vurker the Grappler (Troll Hunter)                  Turns: 6511, Time: 00:17:26

Health: -3/98      AC:  8    Str: 25    XL:     10   Next: 35%
Magic:  9/9        EV:  9    Int:  7    God:
Gold:   462        SH: 10    Dex: 16    Spells: 9/9 levels left

rFire    . . .     SeeInvis +     - Unarmed
rCold    . . .     Gourm    +   k - +0 kite shield
rNeg     . . .     Faith    .   b - +0 robe
rPois    .         Spirit   .   (helmet restricted)
rElec    .         Reflect  .   r - +1 cloak
rCorr    .         Harm     .   (gloves unavailable)
MR       .....                  (boots unavailable)
Stlth    ++........             o - amulet of regeneration
HPRegen  1.06/turn              l - +6 ring of dexterity
MPRegen  0.11/turn              j - ring of see invisible

@: very slow
A: large, unfitting armour, claws 3, fast metabolism 3, gourmand, regeneration
1, shaggy fur 1, tough skin 3
a: no special abilities


You were on level 8 of the Dungeon.
You were very full.

You visited 2 branches of the dungeon, and saw 9 of its levels.

You collected 462 gold pieces.

Inventory:

Missiles
 c - 9 large rocks (quivered)
 d - 2 throwing nets
Armour
 b - a +0 robe (worn)
 k - a +0 kite shield (worn)
   (You found it on level 2 of the Dungeon)
 r - a +1 cloak (worn)
   (You found it on level 3 of the Dungeon)
Jewellery
 j - a ring of see invisible (right claw)
   (You found it on level 1 of the Dungeon)
 l - a +6 ring of dexterity (left claw)
   (You found it on level 2 of the Dungeon)
 o - an amulet of regeneration (around neck)
   (You found it on level 2 of the Dungeon)
Wands
 u - a wand of paralysis (8)
   (You took it off a kobold on level 8 of the Dungeon)
 y - a wand of enslavement (8)
   (You took it off Maurice on level 8 of the Dungeon)
Scrolls
 f - a scroll of blinking {unknown}
 n - 3 scrolls of magic mapping
 t - a scroll of remove curse
 w - a scroll of immolation {unknown}
 A - 2 scrolls of teleportation
Potions
 a - a potion of resistance
 g - 3 potions of might
 h - 3 potions of curing
 i - 2 potions of lignification
 m - a potion of ambrosia {unknown}
 s - a potion of heal wounds
 v - 3 potions of invisibility
 z - 3 potions of mutation
Comestibles
 e - 21 rations
 x - a chunk of flesh


   Skills:
 + Level 6.0 Fighting
 + Level 7.3 Throwing
 - Level 1.5 Dodging
 - Level 0.3 Stealth
 + Level 5.4 Shields
 * Level 9.8 Unarmed Combat


You had 9 spell levels left.
You didn't know any spells.
Your spell library contained the following spells:

 Spells                   Type           Power        Failure   Level  Hunger
 Apportation              Tloc           #.....       69%         1    ##.....
 Blink                    Tloc           N/A          83%         2    ###....
 Shroud of Golubria       Chrm/Tloc      #.....       83%         2    ###....
 Portal Projectile        Hex/Tloc       #.....       96%         3    ####...
 Recall                   Summ/Tloc      N/A          96%         3    ####...
 Passage of Golubria      Tloc           N/A          100%        4    #####..
 Summon Forest            Summ/Tloc      #.........   100%        5    ######.


Dungeon Overview and Level Annotations

Branches:
Dungeon (8/15)             Temple (1/1) D:7            Lair (0/6) D:8

Altars:
Ashenzari
Cheibriados
Dithmenos
Elyvilon
Fedhas
Gozag
Hepliaklqana
Makhleb
Nemelex Xobeh
Okawaru
Qazlal
Ru
Sif Muna
Trog
Uskayaw
Vehumet
Wu Jian
Xom
Zin
The Shining One

Annotations:
D:8 3 exclusions


Innate Abilities, Weirdness & Mutations

You are too large for most types of armour.
You have claws for hands.
Your metabolism is lightning-fast.
You like to eat raw meat.
Your natural rate of healing is unusually fast.
You are covered in fur. (AC +1)
You have extremely tough skin. (AC +3)


Message History

You pick up the Reference Book on Dislocation and begin reading...
You add the spells Apportation, Shroud of Golubria, Blink, Portal Projectile, Recall, Passage of Golubria and Summon Forest to your library.
There are no items here.
Found a staircase to the Lair.
You enter the shallow water.
Moving in this stuff is going to be slow.
An electric eel comes into view.
The electric eel shoots out a bolt of lightning at you!
The bolt of electricity hits you!
The electric eel shoots out a bolt of lightning at you!
The bolt of electricity hits you!
You scratch the electric eel.
The electric eel shoots out a bolt of lightning at you!
The bolt of electricity hits you!
You miss the electric eel.
The electric eel shoots out a bolt of lightning at you!
The bolt of electricity hits you.
You barely miss the electric eel.
The electric eel shoots out a bolt of lightning at you!
The bolt of electricity hits you!
You mangle the electric eel!!
You kill the electric eel!
The electric eel shoots out a bolt of lightning at you!
The bolt of electricity hits you!
You enter the shallow water.
Moving in this stuff is going to be slow.
The electric eel shoots out a bolt of lightning at you!
The bolt of electricity hits you!
* * * LOW HITPOINT WARNING * * *
Why would you want to do that? Why would you want to do that?
An ogre comes into view. It is wielding a +0 giant club.
The ogre shouts!
The electric eel shoots out a bolt of lightning at you!
The bolt of electricity hits you!
* * * LOW HITPOINT WARNING * * *
The electric eel shoots out a bolt of lightning at you!
The bolt of electricity hits you!
* * * LOW HITPOINT WARNING * * *
The electric eel shoots out a bolt of lightning at you!
The bolt of electricity hits you!
* * * LOW HITPOINT WARNING * * *
The electric eel shoots out a bolt of lightning at you!
The bolt of electricity hits you!
* * * LOW HITPOINT WARNING * * *
The ogre hits you with a +0 giant club.
* * * LOW HITPOINT WARNING * * *
The electric eel shoots out a bolt of lightning at you!
The bolt of electricity hits you.
You die...

≈.≈ .≈≈≈≈≈≈≈≈≈..≈.....
.≈.≈.≈≈≈≈≈;≈≈.≈≈≈≈.....
.≈≈≈≈.≈≈≈≈;≈≈≈≈≈≈......
≈≈≈≈≈≈..≈≈.≈.≈≈≈≈....#
≈≈≈≈≈≈≈.....≈≈≈≈≈≈≈..#
..........>..≈≈≈≈....#
.≈≈≈≈≈..≈...≈≈≈.≈≈≈..#
...≈≈≈≈...≈..≈≈≈.....#
≈≈≈≈≈≈≈≈≈..≈≈≈≈≈@≈..##
.≈≈≈≈≈≈≈≈≈≈≈≈≈≈≈O...#
..≈≈≈..≈≈.≈≈≈..≈....#
..........≈.≈..≈.....#
......................#
........##..#.##.#....#
#.......#....######...#
##.#.#.##....# ####
..####.# ...#


You could see an ogre and 2 electric eels.

Vanquished Creatures
  Maurice (D:8)
  2 centaur skeletons (D:7)
  2 trolls
  Grinder (D:3)
  2 hippogriffs
  A spriggan (D:7)
  A hungry ghost (D:8)
  A water moccasin (D:5)
  An ice beast (D:7)
  A sky beast (D:7)
  An orc warrior (D:8)
  A black bear (D:7)
  2 necrophages
  3 phantoms
  2 ogres
  5 wolves
  2 centaurs
  A crocodile (D:7)
  3 bullfrogs
  2 big kobolds
  6 killer bees (D:6)
  2 electric eels (D:8)
  A jelly (D:5)
  2 crimson imps (D:5)
  6 hounds
  3 orc priests
  6 orc wizards
  A bullfrog skeleton (D:7)
  An iguana (D:6)
  5 worker ants
  A hound skeleton (D:6)
  A howler monkey zombie (D:8)
  7 gnolls
  5 adders
  2 shadow imps
  2 oozes
  An adder skeleton (D:7)
  3 worms
  4 dart slugs
  6 leopard geckos
  23 orcs
  7 giant cockroaches
  4 goblins
  8 hobgoblins
  7 jackals
  10 kobolds
  A quokka (D:6)
  4 ball pythons
  9 bats
  4 frilled lizards
  A quokka zombie (D:7)
  4 rats
  A butterfly (D:7)
183 creatures vanquished.

Notes
Turn   | Place    | Note
-------+----------+-------------------------------------------
     0 | D:1      | vurker the Troll Hunter began the quest for the Orb.
     0 | D:1      | Reached XP level 1. HP: 19/19 MP: 0/0
    10 | D:1      | Noticed a polar bear
    10 | D:1      | Noticed a crocodile
    10 | D:1      | Noticed a hog
    13 | D:1      | Noticed a seven-headed hydra
    13 | D:1      | Noticed a worker ant
    89 | D:1      | Reached skill level 1 in Unarmed Combat
    95 | D:1      | Reached XP level 2. HP: 28/28 MP: 1/1
   462 | D:2      | Reached XP level 3. HP: 29/35 MP: 2/2
   793 | D:2      | Reached skill level 2 in Unarmed Combat
  1356 | D:2      | Reached XP level 4. HP: 42/42 MP: 3/3
  1480 | D:3      | Found a burning altar of Makhleb.
  1758 | D:3      | Reached skill level 3 in Unarmed Combat
  1760 | D:3      | Noticed Grinder
  1782 | D:3      | Paralysed by Grinder for 4 turns
  1790 | D:3      | Killed Grinder
  1790 | D:3      | Reached skill level 1 in Shields
  1790 | D:3      | Reached skill level 4 in Unarmed Combat
  1790 | D:3      | Reached XP level 5. HP: 52/52 MP: 4/4
  1790 | D:3      | Reached XP level 6. HP: 59/59 MP: 5/5
  2355 | D:4      | You fall into a shaft and drop 2 floors!
  2430 | D:6      | Reached XP level 7. HP: 67/67 MP: 6/6
  2469 | D:5      | Entered Level 5 of the Dungeon
  2587 | D:4      | Reached skill level 5 in Unarmed Combat
  2738 | D:4      | Reached skill level 5 in Throwing
  3291 | D:5      | Reached XP level 8. HP: 65/78 MP: 7/7
  3355 | D:5      | Reached skill level 6 in Unarmed Combat
  3772 | D:6      | Found a stormy altar of Qazlal.
  4129 | D:6      | Found an iron altar of Okawaru.
  4213 | D:6      | Found a bloodstained altar of Trog.
  4255 | D:7      | Reached skill level 7 in Unarmed Combat
  4328 | D:7      | Reached XP level 9. HP: 85/85 MP: 8/8
  4522 | D:7      | Found a sparkling altar of Nemelex Xobeh.
  4670 | D:7      | Found a staircase to the Ecumenical Temple.
  4701 | Temple   | Entered the Ecumenical Temple
  5376 | D:7      | Reached skill level 5 in Fighting
  5376 | D:7      | Reached skill level 8 in Unarmed Combat
  5743 | D:8      | Noticed a troll
  5778 | D:7      | Killed a troll
  5841 | D:8      | Paralysed by a kobold for 3 turns
  5848 | D:8      | Paralysed by a kobold for 5 turns
  5875 | D:7      | Reached skill level 9 in Unarmed Combat
  5957 | D:8      | Reached skill level 5 in Shields
  6007 | D:8      | Reached XP level 10. HP: 98/98 MP: 9/9
  6092 | D:8      | Noticed Maurice
  6108 | D:8      | Killed Maurice
  6244 | D:8      | Identified the Reference Book on Dislocation
  6493 | D:8      | Found a staircase to the Lair.
  6511 | D:8      | HP: 2/98 [ogre/+0 giant club (5)]
  6511 | D:8      | Killed from afar by an electric eel

Illustrated notes

Levels and vault maps discovered:
D:1:      onia_arrival_zoo_common, layout_rooms
D:2:      layout_basic
D:3:      minmay_recursive_quarters, layout_basic, makhleb_heckhound_becter,
          uniq_grinder
D:4:      layout_basic, first_ration
D:5:      layout_basic, minmay_manual_macuahuitl
D:6:      layout_rooms, kennysheep_little_box, okawaru_altar_gauntlet_db,
          grunt_qazlal_sundering
D:7:      layout_basic, lemuel_round_altar, minmay_temple_entry_butterflies,
          the_bakery, nicolae_underground_beach
D:8:      layout_cave_pools, erik_lair_island, centaur_isle, uniq_maurice
Temple:   eino_temple_rhombus

Skill      XL: |  1  2  3  4  5  6  7  8  9 10 |
---------------+-------------------------------+-----
Unarmed Combat | 1 2 4 5 7 9 |  9.8
Fighting       | 2 3 4 5 6 |  6.0
Throwing       | 4 5 6 7 |  7.3
Shields        | 1 2 3 5 |  5.4
Dodging        | |  1.5
Stealth        | |  0.3

Action                   |  1- 3 |  4- 6 |  7- 9 | 10-12 || total
-------------------------+-------+-------+-------+-------++-------
Melee: Unarmed           |   100 |    81 |   371 |    59 ||   611
Throw: Large rock        |     3 |     6 |     5 |       ||    14
       Throwing net      |       |     1 |     1 |       ||     2
  Use: Scroll            |       |       |    14 |     2 ||    16
       Potion            |       |       |       |     1 ||     1
 Stab: Sleeping          |     2 |     2 |     2 |       ||     6
  Eat: Chunk             |    18 |    10 |    33 |    13 ||    74
Armor: Robe              |    68 |    22 |   102 |    14 ||   206
Dodge: Dodged            |    68 |    21 |   113 |    13 ||   215
Block: Kite shield       |     4 |    37 |   189 |    32 ||   262

Table legend:
 A = Non-vault XP
 B = Vault XP
 C = Vault XP percentage of total XP
 D = Non-vault monster count
 E = Vault monster count
 F = Vault count percentage of total count
                 A         B        C        D         E       F
            +---------+---------+-------+---------+---------+-------
      Total |    5372 |    2070 |  27.8 |     155 |      27 |  14.8
            +---------+---------+-------+---------+---------+-------
        D:1 |      30 |       0 |   0.0 |      17 |       0 |   0.0
        D:2 |      68 |       0 |   0.0 |      16 |       0 |   0.0
        D:3 |      38 |     333 |  89.8 |      14 |       8 |  36.4
        D:4 |     322 |       0 |   0.0 |      18 |       0 |   0.0
        D:5 |     645 |      95 |  12.8 |      17 |       2 |  10.5
        D:6 |     772 |      26 |   3.3 |      18 |       6 |  25.0
        D:7 |    2118 |     548 |  20.6 |      31 |       4 |  11.4
        D:8 |    1379 |    1068 |  43.6 |      24 |       7 |  22.6
            +---------+---------+-------+---------+---------+-------
